 Seeded DCSS version 0.31-a0-128-g25add195a6 (webtiles) character file.

Game seed: 10374401916855258678 (custom seed)

56 Pimp the Shooter (level 3, -4/21 HPs)
             Began as a Deep Elf Hunter on June 1, 2023.
             Slain by a goblin
             ... wielding a +0 club
              (6 damage)
             ... on level 2 of the Dungeon.
             The game lasted 00:02:29 (899 turns).

Pimp the Shooter (Deep Elf Hunter)                   Turns: 899, Time: 00:02:30

Health: -4/21      AC:  4    Str:  8    XL:     3   Next: 71%
Magic:  5/5        EV: 13    Int: 13    God:
Gold:   123        SH:  0    Dex: 20    Spells: 2/2 levels left

rFire   . . .        a - +1 shortbow
rCold   . . .        (shield currently unavailable)
rNeg    . . .        c - +0 leather armour
rPois   .            (no helmet)
rElec   .            (no cloak)
rCorr   .            (no gloves)
SInv    .            i - +0 pair of boots
Will    .....        (no amulet)
Stlth   ++           (no ring)
HPRegen 0.23/turn    (no ring)
MPRegen 0.09/turn

%: no passive effects
@: brilliant
A: no striking features
a: no special abilities


You were on level 2 of the Dungeon.
You visited 1 branch of the dungeon, and saw 2 of its levels.

You collected 123 gold pieces.

Inventory:

Hand Weapons
 a - a +1 shortbow (weapon)
Armour
 c - a +0 leather armour (worn)
 i - a +0 pair of boots (worn)
Jewellery
 o - a ring of protection from cold
Scrolls
 b - a scroll of butterflies
 j - 2 scrolls of identify {unknown}
 k - a scroll of magic mapping {unknown}
 l - a scroll of poison {unknown}
 m - a scroll of noise {unknown}
 p - a scroll of fog {unknown}
Potions
 d - a potion of haste {unknown}
 f - 2 potions of brilliance
 g - a potion of degeneration {unknown}
 n - 2 potions of might {unknown}


   Skills:
 + Level 2.1 Fighting
 + Level 5.8 Ranged Weapons
 + Level 3.2 Dodging
 + Level 2.5 Stealth


You had 2 spell levels left.
You didn't know any spells.
Your spell library contained the following spells:

 Spells                   Type           Power      Damage    Failure   Level
 Lesser Beckoning         Tloc           0%         N/A       56%         2
 Anguish                  Hex/Necr       0%         N/A       99%         4
 Malign Gateway           Summ/Tloc      0%         N/A       100%        7


Dungeon Overview and Level Annotations

Branches:
Dungeon (2/15)

Altars:

Shops:
D:1 !   D:2 *

Annotations:
D:2 Robin


Message History

The arrow hits Robin but does no damage.
The goblin misses you. Robin hits you with a +0 trident.
The hobgoblin hits you but does no damage.
You shoot an arrow.
The arrow hits Robin but does no damage.
The goblin barely misses you. Robin hits you but does no damage.
The hobgoblin barely misses you.
You shoot an arrow. The arrow completely misses Robin.
The goblin no longer looks unusually strong.
Robin hits you but does no damage. The goblin barely misses you.
The hobgoblin closely misses you.
Okay, then.
It was a potion of brilliance.
You feel clever all of a sudden.
The goblin no longer looks unusually strong.
The goblin barely misses you.
Robin roars a battlecry!
The goblins go into a battle-frenzy!
The hobgoblin hits you but does no damage.
You shoot an arrow. The arrow hits Robin.
Robin is lightly wounded.
The hobgoblin no longer looks unusually strong.
The goblin hits you with a +0 club.
* * * LOW HITPOINT WARNING * * *
Robin barely misses you. The hobgoblin hits you.
* * * LOW HITPOINT WARNING * * *
It was a potion of curing.
You feel better.
The goblin no longer looks unusually strong. x3
Robin hits you with a +0 trident.
* * * LOW HITPOINT WARNING * * *
The goblin closely misses you. The hobgoblin barely misses you.
You feel better. Robin hits you with a +0 trident!
The goblin hits you but does no damage. The hobgoblin misses you.
As you read the scroll labelled QOCALA VU QYZ, it crumbles to dust.
It is a scroll of enchant weapon.
Your +0 shortbow glows red for a moment.
Robin hits you with a +0 trident.
* * * LOW HITPOINT WARNING * * *
The goblin hits you with a +0 club.
You die...

.........#....####.....##...#####
##.#####.#....# #.....##...#
##..####.#....#####...###...###
###...##.#....##....##........# #
###..#.#.#..................### #
##.#.#.#..................... #
#.#.#.#..................... #
#.#.#....########........### #
#.#.#.....g@g########....#
#.........##g##.....#....##
##.>......##g##.###'#.....#
###......#.gg#.#...#####.##
#......#.gg#.#.#### #..#
########.g.'P8....## ##..
#...#####P_.#####. #....
##....8.'. #....g ####.#.##


You could see Robin, 2 hobgoblins and 6 goblins.

Vanquished Creatures
  2 adders (D:2)
  A dart slug (D:2)
  4 ball pythons
  5 giant cockroaches
  9 hobgoblins
  4 quokkas
  A frilled lizard (D:1)
  2 goblins
  3 kobolds (D:1)
  2 rats
33 creatures vanquished.

Notes
Turn   | Place    | Note
-------+----------+-------------------------------------------
     0 | D:1      | Pimp the Deep Elf Hunter began the quest for the Orb.
     0 | D:1      | Reached XP level 1. HP: 12/12 MP: 3/3
    85 | D:1      | Found Voal's Distillery.
   154 | D:1      | Reached XP level 2. HP: 14/17 MP: 4/4
   238 | D:1      | Got the Secrets of Geometries and the Curse
   639 | D:2      | Reached XP level 3. HP: 21/21 MP: 5/5
   763 | D:2      | Found Urphatuci's General Store.
   841 | D:2      | Found a faded altar of an unknown god.
   878 | D:2      | Noticed Robin
   899 | D:2      | Slain by a goblin

Illustrated notes

Levels and vault maps discovered:
D:1:      minmay_arrival_cross, layout_basic, serial_shops, shop_statue,
          minmay_octomino_j4
D:2:      layout_basic, shapermc_ecumenical_altar_ellora, serial_shops, shop,
          uniq_robin

Skill      XL: |  1  2 |
---------------+-------+-----
Stealth        | 2 |  2.5
Dodging        | 3 |  3.2
Fighting       | 2 |  2.1
Ranged Weapons | |  5.8

Action                     || total
---------------------------++-------
   Fire: Shortbow          ||    98
    Use: Potion            ||     3
         Scroll            ||     1
 Armour: Leather armour    ||    26
  Dodge: Dodged            ||    38

Table legend: (Time is in decaauts)
 A = Elapsed time spent in this place.
 B = Non-inter-level travel time spent in this place.
 C = Inter-level travel time spent in this place.
 D = Time resting spent in this place.
 E = Time spent auto-exploring this place.
 F = Levels seen in this place.
 G = Mean time per level.
                   A        B        C        D        E       F      G
               +--------+--------+--------+--------+--------+-----+--------+
         Total |    916 |    889 |     27 |     17 |    662 |   2 |  458.0 |
       Dungeon |    916 |    889 |     27 |     17 |    662 |   2 |  458.0 |
               +--------+--------+--------+--------+--------+-----+--------+

Top non-repeatable levels by time:
     D:1: 556 daAuts
     D:2: 359 daAuts
